 Dungeon Crawl Stone Soup version 0.30.1-4-g462c640d31 (webtiles) character file.

Game seed: 7831546282748725771

1776 nonceun the Cleaver (level 8, -2/109 HPs)
             Began as a Minotaur Berserker on Sept 10, 2023.
             Was a Priest of Trog.
             Killed by divine providence
             ... invoked by an orc priest
              (10 damage)
             ... on level 7 of the Dungeon.
             The game lasted 00:14:35 (5063 turns).

nonceun the Cleaver (Minotaur Berserker)            Turns: 5063, Time: 00:14:35

Health: -2/109     AC: 13    Str: 23    XL:     8   Next: 81%
Magic:  7/7        EV:  7    Int:  4    God:    Trog [***...]
Gold:   266        SH:  5    Dex: 11    Spells: 7/7 levels left

rFire   . . .        a - +0 war axe
rCold   . . .        (no shield)
rNeg    . . .        C - +0 plate armour
rPois   .            (helmet restricted)
rElec   .            (no cloak)
rCorr   .            h - +0 pair of gloves
SInv    .            (no boots)
Will    ++...        t - amulet of reflection Stlth
                     (no ring)
HPRegen 1.38/turn    (no ring)
MPRegen 0.10/turn

%: reflection
@: berserking, strong-willed, regenerating, very quick
A: horns 2, retaliatory headbutt
a: Renounce Religion, Berserk, Trog's Hand


You were on level 7 of the Dungeon.
You worshipped Trog.
Trog was most pleased with you.
You visited 1 branch of the dungeon, and saw 7 of its levels.

You collected 343 gold pieces.
You spent 77 gold pieces at shops.

Inventory:

Hand Weapons
 a - a +0 war axe (weapon)
Armour
 h - a +0 pair of gloves (worn)
 v - a +2 scale mail of fire resistance
 C - a +0 plate armour (worn)
Jewellery
 t - an amulet of reflection (around neck)
 B - a ring of fire
Wands
 A - a wand of flame (37)
Scrolls
 b - a scroll of vulnerability {unknown}
 d - a scroll of acquirement {unknown}
 e - 2 scrolls of enchant armour {unknown}
 f - a scroll of noise {unknown}
 l - 7 scrolls of teleportation {unknown}
 m - a scroll of magic mapping {unknown}
 n - 3 scrolls of immolation {unknown}
 p - 2 scrolls of enchant weapon {unknown}
 q - 2 scrolls of amnesia {unknown}
 r - a scroll of poison {unknown}
 s - 7 scrolls of identify
 x - a scroll of fear {unknown}
 y - a scroll of silence {unknown}
Potions
 c - 6 potions of curing
 g - 4 potions of mutation {unknown}
 i - a potion of cancellation {unknown}
 j - 4 potions of brilliance {unknown}
 k - a potion of flight {unknown}
 o - 8 potions of heal wounds
 u - a potion of ambrosia {unknown}
 w - 2 potions of lignification {unknown}
 z - 2 potions of might {unknown}


   Skills:
 * Level 7.4 Fighting
 - Level 11.0 Axes
 - Level 5.0 Armour
 - Level 2.1 Dodging
 * Level 3.8 Shields


You had 7 spell levels left.
You didn't know any spells.
Your spell library contained the following spells:

 Spells                   Type           Power      Damage    Failure   Level
 Kiss of Death            Conj/Necr      0%         2d5       100%        1
 Blink                    Tloc           0%         N/A       100%        2
 Ensorcelled Hibernation  Hex/Ice        0%         N/A       100%        2
 Lesser Beckoning         Tloc           0%         N/A       100%        2
 Momentum Strike          Conj/Tloc      0%         3d8       100%        2
 Passwall                 Tmut/Erth      0%         N/A       100%        2
 Confusing Touch          Hex            0%         N/A       100%        3
 Hailstorm                Conj/Ice       0%         3d3       100%        3
 Swiftness                Air            0%         N/A       100%        3
 Dispel Undead            Necr           0%         3d6       100%        4
 Ice Form                 Ice/Tmut       0%         N/A       100%        4
 Simulacrum               Ice/Necr       0%         N/A       100%        6


Dungeon Overview and Level Annotations

Branches:
Dungeon (7/15)             Temple (0/1) D:4

Altars:
Ashenzari
Ru
The Shining One

Shops:
D:3 [   D:5 *


Innate Abilities, Weirdness & Mutations

You have a pair of horns on your head.
You reflexively headbutt those who attack you in melee.


Message History

Trog appreciates your killing of a magic user.
You hit the orc wizard.
An orc priest comes into view. It is wielding a +0 hand axe.
The orc priest looks braver for a moment.
An orc comes into view. It is wielding a +0 hand axe.
The orc wizard casts a spell at you. The magic dart hits you.
* * * LOW HITPOINT WARNING * * *
Training target 11.0 for Axes reached!
Your Fighting skill increases to level 7!
Your Axes skill increases to level 11!
The orc priest shouts!
You slice the orc wizard!!
You kill the orc wizard!
Trog accepts your kill.
Trog appreciates your killing of a magic user.
You barely miss the orc.
An orc comes into view. It is wielding a +1 mace of holy wrath.
The orc shouts!
You slash the orc!
You kill the orc!
Trog accepts your kill.
You slash the orc!
You kill the orc!
Trog accepts your kill.
Found a stone staircase leading up.
The orc priest mumbles some strange prayers to Beogh against you.
Beogh smites you!
* * * LOW HITPOINT WARNING * * *
The orc warrior hits you with a +0 broad axe.
* * * LOW HITPOINT WARNING * * *
Items here: )) [ †.
You barely miss the orc warrior. You headbutt the orc warrior!
The orc warrior is severely wounded.
You slash the orc warrior!
You kill the orc warrior!
Trog accepts your kill.
The orc priest calls down the wrath of Beogh upon you.
Beogh smites you!
You die...

..#...# .............#
..#...# .............#
..#...# ....oo.......#
..#...# ...<.<.oo....#
..#...# ..o........#
..#...# .........#
..#...#########....)..#
..#...##......#.@)....#
..#...##......#.).....#
..#...........'.......#
..#...#########.......#
..'...##......#.......#
..#...#.......#.......#
..#...#.......#.......#
..#...........#.......#
..#....#......#.......#


You could see 2 orc priests, an orc wizard and 2 orcs.

Vanquished Creatures
  Menkaure (D:7)
  Duvessa (D:4)
  3 orc warriors
  3 black bears
  An ice beast (D:6)
  An ogre (D:6)
  A centaur (D:7)
  A phantom (D:6)
  2 scorpions (D:6)
  Dowan (D:4)
  2 hounds
  3 orc priests
  A jelly (D:4)
  2 sleepcaps (D:6)
  Jessica (D:3)
  2 iguanas
  3 orc wizards
  7 adders
  A shadow imp (D:7)
  A white imp (D:6)
  2 ufetubi (D:6)
  4 worms
  2 dart slugs (D:4)
  19 orcs
  4 ball pythons
  5 endoplasms
  6 giant cockroaches
  7 goblins
  6 hobgoblins
  11 jackals
  6 kobolds
  3 quokkas
  6 bats
  4 frilled lizards
  5 rats
128 creatures vanquished.

Notes
Turn   | Place    | Note
-------+----------+-------------------------------------------
     0 | D:1      | nonceun the Minotaur Berserker began the quest for the Orb.
     0 | D:1      | Reached XP level 1. HP: 19/19 MP: 0/0
    65 | D:1      | Reached skill level 4 in Axes
   120 | D:1      | Reached XP level 2. HP: 26/26 MP: 1/1
   605 | D:1      | Reached ** piety under Trog
   641 | D:1      | Reached skill level 5 in Axes
   853 | D:1      | Reached XP level 3. HP: 31/31 MP: 2/2
  1588 | D:3      | Reached skill level 6 in Axes
  1588 | D:3      | Reached XP level 4. HP: 37/39 MP: 3/3
  1623 | D:3      | Found Eshiy's Antique Armour Shoppe.
  1654 | D:3      | Found a broken altar of Ashenzari.
  1701 | D:3      | Found a faded altar of an unknown god.
  1867 | D:3      | Reached *** piety under Trog
  2035 | D:3      | Noticed Jessica
  2069 | D:3      | Reached skill level 7 in Axes
  2069 | D:3      | Reached XP level 5. HP: 41/46 MP: 4/4
  2070 | D:3      | Killed Jessica
  2388 | D:4      | Noticed Duvessa
  2389 | D:4      | Noticed Dowan
  2418 | D:4      | Killed Duvessa
  2419 | D:4      | Reached skill level 8 in Axes
  2419 | D:4      | Reached XP level 6. HP: 48/52 MP: 5/5
  2442 | D:4      | Killed Dowan
  2611 | D:4      | Found a staircase to the Ecumenical Temple.
  3105 | D:5      | Entered Level 5 of the Dungeon
  3228 | D:5      | Reached skill level 5 in Fighting
  3228 | D:5      | Reached skill level 9 in Axes
  3228 | D:5      | Reached XP level 7. HP: 61/61 MP: 6/6
  3489 | D:5      | Found Ebomaenem's General Store.
  3495 | D:5      | Bought a scroll of identify for 22 gold pieces
  3495 | D:5      | Bought a potion of heal wounds for 55 gold pieces
  3563 | D:5      | Found a sacrificial altar of Ru.
  3810 | D:6      | Found a glowing golden altar of the Shining One.
  4044 | D:6      | Reached skill level 1 in Shields
  4183 | D:6      | Reached XP level 8. HP: 62/69 MP: 7/7
  4218 | D:6      | Reached skill level 10 in Axes
  4259 | D:6      | Reached skill level 5 in Armour
  5049 | D:7      | Noticed Menkaure
  5058 | D:7      | Killed Menkaure
  5059 | D:7      | Reached skill level 11 in Axes
  5063 | D:7      | Killed from afar by an orc priest

Illustrated notes

Levels and vault maps discovered:
D:1:      ncdulo_wetmaze, layout_loops_ring, roderic_lattice_a
D:2:      layout_loops_ring
D:3:      layout_loops_ring, cheibrodos_ashenzari_chains, serial_shops, shop,
          shapermc_ecumenical_altar_starsandcircs, hangedman_decor_peaks_small,
          kennysheep_generic_room_3, uniq_jessica
D:4:      cheibrodos_old_hovel, layout_basic, minmay_temple_entry_antechambers,
          uniq_duvessa
D:5:      layout_basic, nicolae_ru_the_path_less_chosen, serial_shops, shop
D:6:      minmay_diamond_boxcup, layout_loops_cross, tso_metal_star,
          minmay_splitting_lines, chequers_avenue
D:7:      layout_gridville, nicolae_vehumet_radiance, uniq_menkaure

Skill      XL: |  1  2  3  4  5  6  7  8 |
---------------+-------------------------+-----
Axes           | 4 5 6 7 8 9 11 | 11.0
Fighting       | 4 5 7 |  7.4
Armour         | 4 5 |  5.0
Shields        | 2 3 |  3.8
Dodging        | |  2.1

Action                     |  1- 3 |  4- 6 |  7- 9 || total
---------------------------+-------+-------+-------++-------
  Melee: Hand axe          |    28 |       |       ||    28
         Headbutt          |    17 |    16 |    23 ||    56
         War axe           |    75 |   105 |   105 ||   285
         Punch             |       |       |     5 ||     5
 Invoke: Trog's Hand       |       |     5 |     3 ||     8
         Berserk           |       |       |     1 ||     1
    Use: Potion            |       |     1 |       ||     1
 Armour: Animal skin       |     2 |       |       ||     2
         Leather armour    |     4 |       |       ||     4
         Scale mail        |    21 |    19 |     2 ||    42
         Chain mail        |       |    27 |    29 ||    56
         Plate armour      |       |       |    10 ||    10
  Dodge: Dodged            |    47 |    37 |    40 ||   124
